Nordiques vs Canadiens
(R1)
Created - May 16, 2019 at 23:14
Goals
|
| Nordiques |
0 |
0 |
3 |
1 |
4 |
| Canadiens |
0 |
1 |
2 |
0 |
3 |
|
Shots
|
| Nordiques |
7 |
4 |
14 |
8 |
33 |
| Canadiens |
5 |
17 |
9 |
8 |
39 |
|
1st period
No Goal
Penalties :
Dustin Byfuglien (Que) for Holding (Minor) at 5:59, Raphael Diaz (Mon) for Tripping (Minor) at 15:53
2nd period
1. Canadiens , Scott Hartnell 2 (Andrew Alberts 3, Steve Downie 4) at 8:48
Penalties :
Ryan Ellis (Que) for Hooking (Minor) at 3:09, Jean-Pierre Dumont (Que) for Goalie Interference (Minor) at 18:42
3rd period
2. Nordiques , Jean-Pierre Dumont 1 (Fedor Tyutin 2, Ryan Ellis 1) at 1:53
3. Canadiens , Frans Nielsen 2 (Raphael Diaz 3, Andrew Alberts 4) at 2:15
4. Nordiques , Ryan Ellis 1 (Simon Gagné 1, Jonathan Quick) at 2:50 (PP)
5. Nordiques , David Legwand 2 (Vladimir Tarasenko 3) at 9:26 (PP)
6. Canadiens , Greg Stewart 4 (Pierre-Marc Bouchard 2) at 18:14 (PP)
Penalties :
Steve Downie (Mon) for Holding (Minor) at 2:28, R.J. Umberger (Que) for Interference (Minor) at 4:17, Greg Stewart (Mon) for Boarding (Major) at 9:21, Chris Drury (Que) for Hooking (Minor) at 18:11, Colton Parayko (Mon) for Holding (Minor) at 18:26
Overtime #1
7. Nordiques , Dustin Byfuglien 1 (Kyle Calder 1, Mike Fisher 1) at 15:45
Penalties :
Jean-Pierre Dumont (Que) for Tripping (Minor) at 0:38, Frans Nielsen (Mon) for Hooking (Minor) at 3:17, David Legwand (Que) for Slashing (Minor) at 6:18, Andrew Alberts (Mon) for Hooking (Minor) at 10:31, Mike Fisher (Que) for Hooking (Minor) at 13:12
Goalie Stats
Jonathan Quick (Que), 36 saves from 39 shots - (0.923), W, 1-3-0, 75:45 minutes
Henrik Lundqvist (Mon), 29 saves from 33 shots - (0.879), OTL, 3-0-1, 75:45 minutes
Players Stats for Nordiques
Player Name G A P +/- PIM S H SB GA TA FO MP PP MP PK MP
------------------------------------------------------------------------------------
Chris Drury 0 0 0 1 2 3 1 0 0 1 4/11 22:49 5:08 4:20
David Legwand 1 0 1 -2 2 4 2 1 1 1 19/49 29:49 7:27 6:32
Dustin Byfuglien 1 0 1 1 2 2 0 1 3 1 0/0 13:53 0:00 0:20
Fedor Tyutin 0 1 1 -2 0 3 4 0 1 1 0/0 35:21 8:11 8:10
George Parros 0 0 0 1 0 0 4 0 0 0 0/0 8:14 0:43 0:00
Jay Bouwmeester 0 0 0 1 0 0 0 4 1 1 0/0 26:55 5:06 5:35
Jean-Pierre Dumont 1 0 1 1 4 1 3 1 0 0 0/0 18:28 5:15 0:00
Kyle Calder 0 1 1 1 0 1 0 0 0 0 0/0 10:52 0:42 2:36
Mark Eaton 0 0 0 1 0 0 1 1 0 1 0/0 14:18 0:00 1:00
Matt Moulson 0 0 0 0 0 1 2 1 0 0 0/1 12:10 0:00 0:25
Mike Fisher 0 1 1 0 2 1 1 2 0 1 2/6 13:12 0:42 0:00
Paul Gaustad 0 0 0 1 0 0 0 0 0 0 0/2 10:10 0:00 2:42
R.J. Umberger 0 0 0 1 2 1 0 0 1 1 0/0 18:12 5:08 0:00
Ryan Callahan 0 0 0 0 0 2 1 1 0 0 0/0 11:45 0:00 0:00
Ryan Ellis 1 1 2 -2 2 4 2 2 1 4 0/0 34:12 8:11 7:12
Simon Gagné 0 1 1 -2 0 5 0 0 0 0 1/2 26:39 7:27 3:37
Trevor Daley 0 0 0 1 0 0 1 2 1 0 0/0 26:55 5:06 5:35
Vladimir Tarasenko 0 1 1 -2 0 5 3 0 1 0 9/15 30:47 7:19 7:40
Players Stats for Canadiens
Player Name G A P +/- PIM S H SB GA TA FO MP PP MP PK MP
------------------------------------------------------------------------------------
Andrew Alberts 0 2 2 0 2 3 4 5 1 0 0/0 38:01 8:58 7:09
Brett Maclean 0 0 0 0 0 3 2 0 0 0 1/1 12:37 0:16 0:00
Colton Parayko 0 0 0 0 2 1 3 1 0 2 0/0 30:32 8:24 5:09
David Jones 0 0 0 -1 0 3 1 1 2 0 0/0 12:16 0:16 3:21
Dustin Boyd 0 0 0 0 0 2 2 2 2 0 7/8 17:31 0:16 4:37
Enver Lisin 0 0 0 0 0 1 0 0 0 1 0/1 12:07 0:00 0:00
Evgeny Dadonov 0 0 0 0 0 2 3 0 1 2 1/1 18:50 6:52 0:00
Frans Nielsen 1 0 1 1 2 1 2 0 1 0 21/42 23:24 6:48 0:55
Greg Stewart 1 0 1 0 5 4 2 0 0 0 0/1 20:45 6:52 1:30
Mark Stuart 0 0 0 -1 0 3 1 3 0 0 0/0 24:21 1:24 8:19
Pierre-Marc Bouchard 0 1 1 0 0 2 3 0 0 0 4/6 19:27 6:52 0:13
Raphael Diaz 0 1 1 1 2 1 3 3 0 1 0/0 20:02 2:42 0:05
Scott Hartnell 1 0 1 1 0 5 0 0 0 0 0/0 23:24 6:48 1:16
Shaone Morrisonn 0 0 0 0 0 1 1 0 1 0 0/0 17:24 0:00 5:12
Steve Downie 0 1 1 1 2 5 3 2 2 1 1/2 29:19 6:48 7:10
Tomas Plekanec 0 0 0 -1 0 2 0 1 0 0 15/23 15:46 0:00 7:32
Viktor Stalberg 0 0 0 -1 0 0 1 0 1 0 1/1 8:10 0:00 0:00
Vitaly Vishnevsky 0 0 0 0 0 0 0 0 1 3 0/0 21:26 6:24 0:40
3 Stars
1 - Andrew Alberts (Mon)
2 - Scott Hartnell (Mon)
3 - Ryan Ellis (Que)
Power Play
Nordiques - 2 on 7 Attempt(s) - 28.57%
Canadiens - 1 on 8 Attempt(s) - 12.50%
Penalty Kill
Nordiques - 7 on 8 Attempt(s) - 87.50%
- Score 0 goal in Penalty Kill
Canadiens - 5 on 7 Attempt(s) - 71.43%
- Score 0 goal in Penalty Kill
Team Stat
Nordiques - Hits : 25 - Faceoff Wins : 35 - Blocked Shots : 16 - Penalty Minutes : 16
Canadiens - Hits : 31 - Faceoff Wins : 51 - Blocked Shots : 18 - Penalty Minutes : 15
Official
Referees : Unknown
Linesman : Unknown
Game Notes
Raphael Diaz is injured at 14:22 of 3rd period (Sprained Right Ankle)
Finance
Level 1 -- Attendance: 5672 (94.53%) -- Ticket Income $538,840
Level 2 -- Attendance: 4458 (89.16%) -- Ticket Income $280,854
Level 3 -- Attendance: 1555 (77.75%) -- Ticket Income $66,865
Level 4 -- Attendance: 2909 (72.73%) -- Ticket Income $101,815
Luxury Box -- Attendance: 1000 (100.00%) -- Ticket Income $160,000
Game was played at the Centre Bell.
Total Attendance: 15594 (86.63%)
Total Ticket Income: $1,148,374
Other Income: $172,256
Total Income: $1,320,630
Nordiques
5 vs 5 Forward
Center Left Wing Right Wing Time % Phy DF OF
1 David Legwand Simon Gagné Vladimir Tarasenko 40 0 1 4
2 Chris Drury R.J. Umberger Jean-Pierre Dumont 30 0 1 4
3 Mike Fisher Matt Moulson Ryan Callahan 20 1 1 3
4 Paul Gaustad Kyle Calder George Parros 10 2 1 2
5 vs 5 Defense
Defense Defense Time % Phy DF OF
1 Fedor Tyutin Ryan Ellis 40 1 3 1
2 Trevor Daley Jay Bouwmeester 30 1 3 1
3 Mark Eaton Dustin Byfuglien 20 1 3 1
4 Fedor Tyutin Ryan Ellis 10 1 3 1
PowerPlay Forward
Center Left Wing Right Wing Time % Phy DF OF
1 David Legwand Simon Gagné Vladimir Tarasenko 60 0 0 5
2 Chris Drury R.J. Umberger Jean-Pierre Dumont 40 0 0 5
PowerPlay Defense
Defense Defense Time % Phy DF OF
1 Fedor Tyutin Ryan Ellis 60 0 2 3
2 Trevor Daley Jay Bouwmeester 40 0 2 3
Penalty Kill 4 Players Forward
Center Wing Time % Phy DF OF
1 Vladimir Tarasenko David Legwand 60 1 3 1
2 Chris Drury Simon Gagné 40 1 3 1
Penalty Kill 4 Players Defense
Defense Defense Time % Phy DF OF
1 Fedor Tyutin Ryan Ellis 60 1 4 0
2 Trevor Daley Jay Bouwmeester 40 1 4 0
Penalty Kill - 3 Players Forward
Forward Time % Phy DF OF
1 Vladimir Tarasenko 60 2 3 0
2 David Legwand 40 2 3 0
Penalty Kill - 3 Players Defense
Defense Defense Time % Phy DF OF
1 Fedor Tyutin Ryan Ellis 60 1 4 0
2 Trevor Daley Jay Bouwmeester 40 1 4 0
4 vs 4 Forward
Center Wing Time % Phy DF OF
1 Vladimir Tarasenko David Legwand 60 1 1 3
2 Chris Drury Simon Gagné 40 1 1 3
4 vs 4 Defense
Defense Defense Time % Phy DF OF
1 Fedor Tyutin Ryan Ellis 60 1 3 1
2 Trevor Daley Jay Bouwmeester 40 1 3 1
Last Minutes Offensive
Center Left Wing Right Wing Defense Defense
David Legwand Simon Gagné Vladimir Tarasenko Fedor Tyutin Ryan Ellis
Last Minutes Defensive
Center Left Wing Right Wing Defense Defense
David Legwand Simon Gagné Vladimir Tarasenko Fedor Tyutin Ryan Ellis
Goaltenders
Starting : Jonathan Quick
Backup : Philipp Grubauer
Extra Forwards
Normal : Vladimir Tarasenko, Simon Gagné, Jean-Pierre Dumont - PP : Vladimir Tarasenko, Simon Gagné - PK : Paul Gaustad
Extra Defensemen
Normal : Ryan Ellis, Fedor Tyutin, Trevor Daley - PP : Ryan Ellis - PK : Mark Eaton, Dustin Byfuglien
Penalty Shots
Vladimir Tarasenko, David Legwand, Chris Drury, Simon Gagné, George Parros
Scratches
Bruno Gervais (Healthy), Marc Savard (Torn Right ACL Injury), T.J. Fast (Suspend), Tim Crowder (Healthy), Julien Ellis (Healthy)
Canadiens
5 vs 5 Forward
Center Left Wing Right Wing Time % Phy DF OF
1 Frans Nielsen Scott Hartnell Steve Downie 40 1 2 2
2 Pierre-Marc Bouchard Greg Stewart Evgeny Dadonov 30 1 2 2
3 Dustin Boyd Brett Maclean Enver Lisin 20 1 2 2
4 Tomas Plekanec Viktor Stalberg David Jones 10 1 2 2
5 vs 5 Defense
Defense Defense Time % Phy DF OF
1 Andrew Alberts Raphael Diaz 40 1 2 2
2 Colton Parayko Mark Stuart 30 1 2 2
3 Shaone Morrisonn Vitaly Vishnevsky 20 1 2 2
4 Colton Parayko Andrew Alberts 10 1 2 2
PowerPlay Forward
Center Left Wing Right Wing Time % Phy DF OF
1 Frans Nielsen Scott Hartnell Steve Downie 60 1 2 2
2 Pierre-Marc Bouchard Greg Stewart Evgeny Dadonov 40 1 2 2
PowerPlay Defense
Defense Defense Time % Phy DF OF
1 Andrew Alberts Colton Parayko 60 1 2 2
2 Raphael Diaz Vitaly Vishnevsky 40 1 2 2
Penalty Kill 4 Players Forward
Center Wing Time % Phy DF OF
1 Tomas Plekanec Steve Downie 60 1 2 2
2 Dustin Boyd David Jones 40 1 2 2
Penalty Kill 4 Players Defense
Defense Defense Time % Phy DF OF
1 Andrew Alberts Mark Stuart 60 1 2 2
2 Shaone Morrisonn Colton Parayko 40 1 2 2
Penalty Kill - 3 Players Forward
Forward Time % Phy DF OF
1 Frans Nielsen 60 1 2 2
2 Dustin Boyd 40 1 2 2
Penalty Kill - 3 Players Defense
Defense Defense Time % Phy DF OF
1 Andrew Alberts Mark Stuart 60 1 2 2
2 Shaone Morrisonn Colton Parayko 40 1 2 2
4 vs 4 Forward
Center Wing Time % Phy DF OF
1 Frans Nielsen Greg Stewart 60 1 2 2
2 Pierre-Marc Bouchard Brett Maclean 40 1 2 2
4 vs 4 Defense
Defense Defense Time % Phy DF OF
1 Andrew Alberts Colton Parayko 60 1 2 2
2 Shaone Morrisonn Mark Stuart 40 1 2 2
Last Minutes Offensive
Center Left Wing Right Wing Defense Defense
Frans Nielsen Scott Hartnell Evgeny Dadonov Colton Parayko Vitaly Vishnevsky
Last Minutes Defensive
Center Left Wing Right Wing Defense Defense
Pierre-Marc Bouchard Greg Stewart Steve Downie Andrew Alberts Mark Stuart
Goaltenders
Starting : Henrik Lundqvist
Backup : Allen York
Extra Forwards
Normal : Frans Nielsen, Greg Stewart, Evgeny Dadonov - PP : Frans Nielsen, Greg Stewart - PK : Steve Downie
Extra Defensemen
Normal : Andrew Alberts, Colton Parayko, Mark Stuart - PP : Andrew Alberts - PK : Andrew Alberts, Mark Stuart
Penalty Shots
Frans Nielsen, Pierre-Marc Bouchard, Greg Stewart, Steve Downie, Evgeny Dadonov
Scratches
Adam Pardy (Healthy), Dustin Kohn (Healthy), Marcel Goc (Healthy), Nikolai Zherdev (Healthy), Wes O'Neill (Healthy)
% Time on Ice - Nordiques
Lines # - Real PCT - Wanted PCT - Time Play
Normal Forward
1 - 33% - 40% - 16:12
2 - 28% - 30% - 13:22
3 - 24% - 20% - 11:45
4 - 15% - 10% - 7:13
Normal Defense
1 - 39% - 40% - 18:45
2 - 33% - 30% - 16:14
3 - 26% - 20% - 12:45
4 - 2% - 10% - 0:48
PP Forward
1 - 60% - 60% - 7:59
2 - 40% - 40% - 5:18
PP Defense
1 - 62% - 60% - 8:11
2 - 38% - 40% - 5:06
PK Forward
1 - 74% - 60% - 10:19
2 - 26% - 40% - 3:37
PK Defense
1 - 60% - 60% - 8:21
2 - 40% - 40% - 5:35
PK3 Forward
1 - 0% - 60%
2 - 0% - 40%
PK3 Defense
1 - 0% - 60%
2 - 0% - 40%
44 Forward
1 - 0% - 60%
2 - 0% - 40%
44 Defense
1 - 0% - 60%
2 - 0% - 40%
Last Minute Offensive - 0:00
Last Minute Defensive - 0:00
Total
Forward - 75:45
Defense - 75:45
|
% Time on Ice - Canadiens
Lines # - Real PCT - Wanted PCT - Time Play
Normal Forward
1 - 33% - 40% - 16:02
2 - 25% - 30% - 12:13
3 - 25% - 20% - 12:07
4 - 17% - 10% - 8:10
Normal Defense
1 - 44% - 40% - 21:20
2 - 29% - 30% - 14:19
3 - 24% - 20% - 11:47
4 - 2% - 10% - 1:06
PP Forward
1 - 51% - 60% - 7:04
2 - 49% - 40% - 6:52
PP Defense
1 - 54% - 60% - 7:32
2 - 46% - 40% - 6:24
PK Forward
1 - 75% - 60% - 9:56
2 - 25% - 40% - 3:21
PK Defense
1 - 65% - 60% - 8:40
2 - 35% - 40% - 4:37
PK3 Forward
1 - 0% - 60%
2 - 0% - 40%
PK3 Defense
1 - 0% - 60%
2 - 0% - 40%
44 Forward
1 - 0% - 60%
2 - 0% - 40%
44 Defense
1 - 0% - 60%
2 - 0% - 40%
Last Minute Offensive - 0:00
Last Minute Defensive - 0:00
Total
Forward - 75:45
Defense - 75:45
|
Play-by-Play
1st period
0:01 of 1st period - Frans Nielsen wins face-off versus David Legwand in neutral zone.
0:53 of 1st period - Wrist shot by Ryan Callahan.
0:53 of 1st period - Shot Blocked by Dustin Boyd.
0:59 of 1st period - Backhand shot by Ryan Callahan.
0:59 of 1st period - Shot Blocked by Mark Stuart.
1:09 of 1st period - Dustin Byfuglien is hit by Viktor Stalberg and loses puck.
1:18 of 1st period - Backhand shot by David Jones.
1:18 of 1st period - Stopped by Jonathan Quick with a rebound.
1:20 of 1st period - Slapshot by Mark Stuart.
1:20 of 1st period - Shot Blocked by Mark Eaton.
2:32 of 1st period - Matt Moulson is hit by Brett Maclean and loses puck.
2:55 of 1st period - Snap shot by Simon Gagné.
2:55 of 1st period - Stopped by Henrik Lundqvist without a rebound.
2:56 of 1st period - Frans Nielsen wins face-off versus David Legwand in Canadiens zone.
3:22 of 1st period - Ryan Ellis is hit by Greg Stewart and loses puck.
5:53 of 1st period - Wrist shot by David Jones.
5:53 of 1st period - Shot Misses the Net.
5:55 of 1st period - Slapshot by Mark Stuart.
5:55 of 1st period - Deflect By David Jones.
5:55 of 1st period - Stopped by Jonathan Quick without a rebound.
5:56 of 1st period - Simon Gagné wins face-off versus Frans Nielsen in Nordiques zone.
5:56 of 1st period - Simon Gagné is hit by Steve Downie.
5:59 of 1st period - Minor Penalty to Dustin Byfuglien for Holding.
6:00 of 1st period - Vladimir Tarasenko wins face-off versus Frans Nielsen in Nordiques zone.
6:08 of 1st period - Vladimir Tarasenko is hit by Colton Parayko.
6:31 of 1st period - Off-side.
6:32 of 1st period - Pierre-Marc Bouchard wins face-off versus Chris Drury in neutral zone.
7:40 of 1st period - Ryan Ellis is hit by Evgeny Dadonov and loses puck.
7:59 of 1st period - Penalty to Dustin Byfuglien is over, Dustin Byfuglien is back on ice.
8:07 of 1st period - Vitaly Vishnevsky is hit by Mark Eaton and loses puck.
9:03 of 1st period - Snap shot by Mike Fisher.
9:03 of 1st period - Stopped by Henrik Lundqvist without a rebound.
9:04 of 1st period - Dustin Boyd wins face-off versus Matt Moulson in Canadiens zone.
9:41 of 1st period - Wrist shot by R.J. Umberger.
9:41 of 1st period - Shot Misses the Net.
10:21 of 1st period - Wrist shot by Greg Stewart.
10:21 of 1st period - Stopped by Jonathan Quick without a rebound.
10:22 of 1st period - David Legwand wins face-off versus Frans Nielsen in Nordiques zone.
10:33 of 1st period - Wrist shot by Vladimir Tarasenko.
10:33 of 1st period - Deflect By David Legwand.
10:33 of 1st period - Shot Misses the Net.
10:33 of 1st period - Puck is out of play.
10:34 of 1st period - Vladimir Tarasenko wins face-off versus Frans Nielsen in Canadiens zone.
10:49 of 1st period - Snap shot by Simon Gagné.
10:49 of 1st period - Stopped by Henrik Lundqvist without a rebound.
10:50 of 1st period - Chris Drury wins face-off versus Pierre-Marc Bouchard in Canadiens zone.
11:05 of 1st period - Snap shot by Ryan Ellis.
11:05 of 1st period - Shot Blocked by Raphael Diaz.
11:41 of 1st period - Slapshot by Fedor Tyutin.
11:41 of 1st period - Stopped by Henrik Lundqvist with a rebound.
11:43 of 1st period - Slapshot by Ryan Ellis.
11:43 of 1st period - Stopped by Henrik Lundqvist with a rebound.
11:45 of 1st period - Snap shot by Simon Gagné.
11:45 of 1st period - Shot Misses the Net.
11:47 of 1st period - Snap shot by David Legwand.
11:47 of 1st period - Shot Misses the Net.
11:59 of 1st period - Wrist shot by Frans Nielsen.
11:59 of 1st period - Shot Misses the Net.
12:01 of 1st period - Slapshot by Mark Stuart.
12:01 of 1st period - Stopped by Jonathan Quick without a rebound.
12:02 of 1st period - Frans Nielsen wins face-off versus Chris Drury in Nordiques zone.
13:16 of 1st period - George Parros is hit by Frans Nielsen and loses puck.
13:39 of 1st period - Snap shot by R.J. Umberger.
13:39 of 1st period - Stopped by Henrik Lundqvist without a rebound.
13:40 of 1st period - Frans Nielsen wins face-off versus David Legwand in Canadiens zone.
13:40 of 1st period - Frans Nielsen is hit by Ryan Ellis.
13:54 of 1st period - Andrew Alberts is hit by David Legwand and loses puck.
15:16 of 1st period - David Legwand is hit by Frans Nielsen and loses puck.
15:31 of 1st period - Trevor Daley is hit by Pierre-Marc Bouchard and loses puck.
15:40 of 1st period - Wrist shot by Evgeny Dadonov.
15:40 of 1st period - Stopped by Jonathan Quick without a rebound.
15:41 of 1st period - Frans Nielsen wins face-off versus David Legwand in Nordiques zone.
15:44 of 1st period - Wrist shot by Frans Nielsen.
15:44 of 1st period - Shot Misses the Net.
15:53 of 1st period - Minor Penalty to Raphael Diaz for Tripping.
15:54 of 1st period - Tomas Plekanec wins face-off versus David Legwand in Canadiens zone.
16:23 of 1st period - Wrist shot by Jean-Pierre Dumont.
16:23 of 1st period - Shot Blocked by Steve Downie.
16:25 of 1st period - Slapshot by Chris Drury.
16:25 of 1st period - Stopped by Henrik Lundqvist with a rebound.
17:10 of 1st period - Slapshot by Jay Bouwmeester.
17:10 of 1st period - Shot Blocked by Dustin Boyd.
17:53 of 1st period - Penalty to Raphael Diaz is over, Raphael Diaz is back on ice.
18:00 of 1st period - Raphael Diaz is hit by George Parros and loses puck.
18:54 of 1st period - Vladimir Tarasenko is hit by Dustin Boyd and loses puck.
19:20 of 1st period - Jay Bouwmeester is hit by Greg Stewart and loses puck.
19:25 of 1st period - Backhand shot by Evgeny Dadonov.
19:25 of 1st period - Shot Misses the Net.
19:37 of 1st period - Tomas Plekanec is hit by George Parros.
19:51 of 1st period - Fedor Tyutin is hit by Raphael Diaz and loses puck.
Goals for this period are 0 for Nordiques vs 0 for Canadiens.
Shots for this period are 7 for Nordiques vs 5 for Canadiens.
2nd period
0:01 of 2nd period - Frans Nielsen wins face-off versus David Legwand in neutral zone.
0:04 of 2nd period - Slapshot by Andrew Alberts.
0:04 of 2nd period - Shot Blocked by Ryan Ellis.
0:06 of 2nd period - Slapshot by Steve Downie.
0:06 of 2nd period - Stopped by Jonathan Quick with a rebound.
0:08 of 2nd period - Wrist shot by Raphael Diaz.
0:08 of 2nd period - Shot Misses the Net.
0:10 of 2nd period - Slapshot by Raphael Diaz.
0:10 of 2nd period - Stopped by Jonathan Quick with a rebound.
0:12 of 2nd period - Snap shot by Andrew Alberts.
0:12 of 2nd period - Stopped by Jonathan Quick without a rebound.
0:13 of 2nd period - Frans Nielsen wins face-off versus David Legwand in Nordiques zone.
0:24 of 2nd period - Wrist shot by Steve Downie.
0:24 of 2nd period - Stopped by Jonathan Quick without a rebound.
0:25 of 2nd period - Frans Nielsen wins face-off versus David Legwand in Nordiques zone.
0:40 of 2nd period - Vladimir Tarasenko is hit by Raphael Diaz and loses puck.
1:08 of 2nd period - Evgeny Dadonov is hit by Jean-Pierre Dumont and loses puck.
1:29 of 2nd period - Snap shot by Ryan Callahan.
1:29 of 2nd period - Deflect By Mike Fisher.
1:29 of 2nd period - Shot Misses the Net.
1:29 of 2nd period - Puck is out of play.
1:30 of 2nd period - Frans Nielsen wins face-off versus David Legwand in Canadiens zone.
2:03 of 2nd period - Snap shot by Greg Stewart.
2:03 of 2nd period - Shot Misses the Net.
2:05 of 2nd period - Slapshot by Andrew Alberts.
2:05 of 2nd period - Shot Blocked by Jean-Pierre Dumont.
2:07 of 2nd period - Snap shot by Evgeny Dadonov.
2:07 of 2nd period - Stopped by Jonathan Quick with a rebound.
2:09 of 2nd period - Snap shot by Pierre-Marc Bouchard.
2:09 of 2nd period - Stopped by Jonathan Quick with a rebound.
2:33 of 2nd period - Ryan Ellis is hit by Shaone Morrisonn and loses puck.
3:02 of 2nd period - Icing by David Legwand.
3:03 of 2nd period - Frans Nielsen wins face-off versus David Legwand in Nordiques zone.
3:09 of 2nd period - Minor Penalty to Ryan Ellis for Hooking.
3:10 of 2nd period - Frans Nielsen wins face-off versus Vladimir Tarasenko in Nordiques zone.
5:09 of 2nd period - Penalty to Ryan Ellis is over, Ryan Ellis is back on ice.
5:19 of 2nd period - Snap shot by Matt Moulson.
5:19 of 2nd period - Stopped by Henrik Lundqvist without a rebound.
5:20 of 2nd period - Dustin Boyd wins face-off versus Mike Fisher in Canadiens zone.
5:35 of 2nd period - Backhand shot by Dustin Byfuglien.
5:35 of 2nd period - Deflect By Ryan Callahan.
5:35 of 2nd period - Shot Misses the Net.
5:35 of 2nd period - Puck is out of play.
5:36 of 2nd period - David Legwand wins face-off versus Pierre-Marc Bouchard in Canadiens zone.
5:53 of 2nd period - Snap shot by Greg Stewart.
5:53 of 2nd period - Stopped by Jonathan Quick without a rebound.
5:54 of 2nd period - Frans Nielsen wins face-off versus Chris Drury in Nordiques zone.
6:25 of 2nd period - Wrist shot by Evgeny Dadonov.
6:25 of 2nd period - Shot Misses the Net.
6:27 of 2nd period - Slapshot by Mark Stuart.
6:27 of 2nd period - Stopped by Jonathan Quick with a rebound.
6:29 of 2nd period - Snap shot by Greg Stewart.
6:29 of 2nd period - Shot Misses the Net.
6:57 of 2nd period - Ryan Ellis is hit by Colton Parayko and loses puck.
7:10 of 2nd period - Slapshot by Matt Moulson.
7:10 of 2nd period - Shot Blocked by Colton Parayko.
7:12 of 2nd period - Wrist shot by Ryan Callahan.
7:12 of 2nd period - Stopped by Henrik Lundqvist without a rebound.
7:13 of 2nd period - Frans Nielsen wins face-off versus David Legwand in Canadiens zone.
7:38 of 2nd period - Andrew Alberts is hit by Jean-Pierre Dumont and loses puck.
8:29 of 2nd period - Slapshot by Vladimir Tarasenko.
8:29 of 2nd period - Shot Misses the Net.
8:31 of 2nd period - Snap shot by Simon Gagné.
8:31 of 2nd period - Stopped by Henrik Lundqvist without a rebound.
8:32 of 2nd period - Frans Nielsen wins face-off versus David Legwand in Canadiens zone.
8:32 of 2nd period - Frans Nielsen is hit by Vladimir Tarasenko.
8:44 of 2nd period - Snap shot by Steve Downie.
8:44 of 2nd period - Stopped by Jonathan Quick with a rebound.
8:46 of 2nd period - Slapshot by Andrew Alberts.
8:46 of 2nd period - Stopped by Jonathan Quick with a rebound.
8:48 of 2nd period - Backhand shot by Scott Hartnell.
8:48 of 2nd period - Goal by Scott Hartnell - Nordiques : 0 - Canadiens : 1.
8:49 of 2nd period - David Legwand wins face-off versus Frans Nielsen in neutral zone.
9:37 of 2nd period - Snap shot by Colton Parayko.
9:37 of 2nd period - Shot Blocked by Jay Bouwmeester.
9:57 of 2nd period - Slapshot by Steve Downie.
9:57 of 2nd period - Shot Misses the Net.
9:59 of 2nd period - Slapshot by Shaone Morrisonn.
9:59 of 2nd period - Stopped by Jonathan Quick with a rebound.
10:03 of 2nd period - Snap shot by Frans Nielsen.
10:03 of 2nd period - Shot Misses the Net.
10:57 of 2nd period - Wrist shot by Dustin Boyd.
10:57 of 2nd period - Shot Misses the Net.
10:59 of 2nd period - Slapshot by Mark Stuart.
10:59 of 2nd period - Deflect By Enver Lisin.
10:59 of 2nd period - Stopped by Jonathan Quick without a rebound.
11:00 of 2nd period - David Legwand wins face-off versus Frans Nielsen in Nordiques zone.
11:02 of 2nd period - Simon Gagné is hit by Steve Downie and loses puck.
11:50 of 2nd period - Ryan Callahan is hit by Brett Maclean and loses puck.
12:13 of 2nd period - Mark Stuart is hit by George Parros and loses puck.
12:39 of 2nd period - Slapshot by Viktor Stalberg.
12:39 of 2nd period - Shot Misses the Net.
12:41 of 2nd period - Slapshot by Mark Stuart.
12:41 of 2nd period - Shot Blocked by Trevor Daley.
13:03 of 2nd period - Jay Bouwmeester is hit by Evgeny Dadonov and loses puck.
13:20 of 2nd period - Wrist shot by Ryan Callahan.
13:20 of 2nd period - Stopped by Henrik Lundqvist with a rebound.
13:38 of 2nd period - Snap shot by Tomas Plekanec.
13:38 of 2nd period - Shot Blocked by Jay Bouwmeester.
13:40 of 2nd period - Snap shot by Vitaly Vishnevsky.
13:40 of 2nd period - Shot Blocked by Jay Bouwmeester.
13:42 of 2nd period - Wrist shot by Tomas Plekanec.
13:42 of 2nd period - Stopped by Jonathan Quick without a rebound.
13:43 of 2nd period - Tomas Plekanec wins face-off versus David Legwand in Nordiques zone.
13:44 of 2nd period - Snap shot by Viktor Stalberg.
13:44 of 2nd period - Deflect By Tomas Plekanec.
13:44 of 2nd period - Shot Misses the Net.
13:44 of 2nd period - Puck is out of play.
13:45 of 2nd period - Viktor Stalberg wins face-off versus David Legwand in Nordiques zone.
14:12 of 2nd period - Snap shot by Viktor Stalberg.
14:12 of 2nd period - Shot Misses the Net.
14:58 of 2nd period - Snap shot by Evgeny Dadonov.
14:58 of 2nd period - Shot Misses the Net.
15:00 of 2nd period - Snap shot by Pierre-Marc Bouchard.
15:00 of 2nd period - Stopped by Jonathan Quick without a rebound.
15:01 of 2nd period - Steve Downie wins face-off versus David Legwand in Nordiques zone.
15:08 of 2nd period - Snap shot by Steve Downie.
15:08 of 2nd period - Stopped by Jonathan Quick with a rebound.
15:26 of 2nd period - Jean-Pierre Dumont is hit by Pierre-Marc Bouchard and loses puck.
15:33 of 2nd period - Evgeny Dadonov is hit by Chris Drury and loses puck.
15:52 of 2nd period - Colton Parayko is hit by George Parros and loses puck.
15:58 of 2nd period - Icing by Mark Stuart.
15:59 of 2nd period - Dustin Boyd wins face-off versus David Legwand in Canadiens zone.
16:08 of 2nd period - Jay Bouwmeester is hit by Colton Parayko and loses puck.
17:28 of 2nd period - Off-side.
17:29 of 2nd period - Dustin Boyd wins face-off versus Paul Gaustad in neutral zone.
17:56 of 2nd period - Vitaly Vishnevsky is hit by Jean-Pierre Dumont.
18:02 of 2nd period - Slapshot by Scott Hartnell.
18:02 of 2nd period - Stopped by Jonathan Quick without a rebound.
18:03 of 2nd period - Frans Nielsen wins face-off versus Simon Gagné in Nordiques zone.
18:42 of 2nd period - Minor Penalty to Jean-Pierre Dumont for Goalie Interference.
18:43 of 2nd period - Vladimir Tarasenko wins face-off versus Frans Nielsen in Nordiques zone.
18:59 of 2nd period - Wrist shot by Steve Downie.
18:59 of 2nd period - Shot Misses the Net.
19:10 of 2nd period - Icing by Colton Parayko.
19:11 of 2nd period - Evgeny Dadonov wins face-off versus Vladimir Tarasenko in Canadiens zone.
Goals for this period are 0 for Nordiques vs 1 for Canadiens.
Shots for this period are 4 for Nordiques vs 17 for Canadiens.
3rd period
0:01 of 3rd period - Frans Nielsen wins face-off versus Vladimir Tarasenko in neutral zone.
0:08 of 3rd period - Snap shot by Scott Hartnell.
0:08 of 3rd period - Stopped by Jonathan Quick with a rebound.
0:40 of 3rd period - Slapshot by Greg Stewart.
0:40 of 3rd period - Stopped by Jonathan Quick without a rebound.
0:41 of 3rd period - Vladimir Tarasenko wins face-off versus Frans Nielsen in Nordiques zone.
0:42 of 3rd period - Penalty to Jean-Pierre Dumont is over, Jean-Pierre Dumont is back on ice.
0:48 of 3rd period - Snap shot by Vladimir Tarasenko.
0:48 of 3rd period - Stopped by Henrik Lundqvist with a rebound.
1:17 of 3rd period - Snap shot by Matt Moulson.
1:17 of 3rd period - Shot Blocked by Raphael Diaz.
1:33 of 3rd period - Slapshot by Ryan Ellis.
1:33 of 3rd period - Stopped by Henrik Lundqvist with a rebound.
1:53 of 3rd period - Wrist shot by Jean-Pierre Dumont.
1:53 of 3rd period - Goal by Jean-Pierre Dumont - Nordiques : 1 - Canadiens : 1.
1:54 of 3rd period - David Legwand wins face-off versus Frans Nielsen in neutral zone.
2:03 of 3rd period - Snap shot by Vladimir Tarasenko.
2:03 of 3rd period - Shot Blocked by Steve Downie.
2:05 of 3rd period - Slapshot by Fedor Tyutin.
2:05 of 3rd period - Stopped by Henrik Lundqvist without a rebound.
2:06 of 3rd period - David Legwand wins face-off versus Frans Nielsen in Canadiens zone.
2:15 of 3rd period - Slapshot by Frans Nielsen.
2:15 of 3rd period - Goal by Frans Nielsen - Nordiques : 1 - Canadiens : 2.
2:16 of 3rd period - David Legwand wins face-off versus Frans Nielsen in neutral zone.
2:19 of 3rd period - Slapshot by David Legwand.
2:19 of 3rd period - Stopped by Henrik Lundqvist with a rebound.
2:21 of 3rd period - Slapshot by Ryan Ellis.
2:21 of 3rd period - Deflect By Vladimir Tarasenko.
2:21 of 3rd period - Shot Misses the Net.
2:21 of 3rd period - Puck is out of play.
2:22 of 3rd period - David Legwand wins face-off versus Frans Nielsen in Canadiens zone.
2:28 of 3rd period - Minor Penalty to Steve Downie for Holding.
2:29 of 3rd period - Tomas Plekanec wins face-off versus David Legwand in Canadiens zone.
2:29 of 3rd period - Tomas Plekanec is hit by Vladimir Tarasenko.
2:38 of 3rd period - Snap shot by Ryan Ellis.
2:38 of 3rd period - Shot Blocked by Andrew Alberts.
2:40 of 3rd period - Slapshot by Ryan Ellis.
2:40 of 3rd period - Stopped by Henrik Lundqvist without a rebound.
2:41 of 3rd period - Tomas Plekanec wins face-off versus David Legwand in Canadiens zone.
2:50 of 3rd period - Slapshot by Ryan Ellis.
2:50 of 3rd period - Goal by Ryan Ellis - Nordiques : 2 - Canadiens : 2.
2:51 of 3rd period - Frans Nielsen wins face-off versus David Legwand in neutral zone.
3:05 of 3rd period - Snap shot by Frans Nielsen.
3:05 of 3rd period - Shot Misses the Net.
3:17 of 3rd period - R.J. Umberger is hit by Andrew Alberts and loses puck.
3:44 of 3rd period - Mark Stuart is hit by Matt Moulson and loses puck.
3:50 of 3rd period - Icing by Mark Stuart.
3:51 of 3rd period - David Legwand wins face-off versus Enver Lisin in Canadiens zone.
3:54 of 3rd period - Wrist shot by David Legwand.
3:54 of 3rd period - Shot Misses the Net.
4:06 of 3rd period - Slapshot by Brett Maclean.
4:06 of 3rd period - Shot Misses the Net.
4:08 of 3rd period - Slapshot by Colton Parayko.
4:08 of 3rd period - Stopped by Jonathan Quick with a rebound.
4:10 of 3rd period - Slapshot by Brett Maclean.
4:10 of 3rd period - Stopped by Jonathan Quick with a rebound.
4:12 of 3rd period - Wrist shot by Dustin Boyd.
4:12 of 3rd period - Stopped by Jonathan Quick with a rebound.
4:14 of 3rd period - Slapshot by Mark Stuart.
4:14 of 3rd period - Stopped by Jonathan Quick without a rebound.
4:15 of 3rd period - Chris Drury wins face-off versus Frans Nielsen in Nordiques zone.
4:17 of 3rd period - Minor Penalty to R.J. Umberger for Interference.
4:18 of 3rd period - Vladimir Tarasenko wins face-off versus Frans Nielsen in Nordiques zone.
4:47 of 3rd period - Ryan Ellis is hit by Evgeny Dadonov and loses puck.
5:37 of 3rd period - Andrew Alberts is hit by Trevor Daley and loses puck.
6:17 of 3rd period - Penalty to R.J. Umberger is over, R.J. Umberger is back on ice.
6:20 of 3rd period - Icing by David Legwand.
6:21 of 3rd period - Dustin Boyd wins face-off versus Vladimir Tarasenko in Nordiques zone.
7:32 of 3rd period - Dustin Byfuglien is hit by Andrew Alberts.
7:50 of 3rd period - Raphael Diaz is hit by Matt Moulson and loses puck.
8:15 of 3rd period - Icing by Enver Lisin.
8:16 of 3rd period - Tomas Plekanec wins face-off versus Chris Drury in Canadiens zone.
8:21 of 3rd period - Snap shot by Chris Drury.
8:21 of 3rd period - Stopped by Henrik Lundqvist without a rebound.
8:22 of 3rd period - Chris Drury wins face-off versus Tomas Plekanec in Canadiens zone.
8:25 of 3rd period - Wrist shot by R.J. Umberger.
8:25 of 3rd period - Shot Blocked by Andrew Alberts.
8:27 of 3rd period - Wrist shot by R.J. Umberger.
8:27 of 3rd period - Shot Blocked by Andrew Alberts.
8:29 of 3rd period - Snap shot by Mark Eaton.
8:29 of 3rd period - Shot Blocked by Raphael Diaz.
8:35 of 3rd period - Snap shot by R.J. Umberger.
8:35 of 3rd period - Deflect By Jean-Pierre Dumont.
8:35 of 3rd period - Shot Misses the Net.
8:35 of 3rd period - Puck is out of play.
8:36 of 3rd period - David Legwand wins face-off versus Frans Nielsen in Canadiens zone.
8:41 of 3rd period - Snap shot by Vladimir Tarasenko.
8:41 of 3rd period - Deflect By Simon Gagné.
8:41 of 3rd period - Stopped by Henrik Lundqvist with a rebound.
8:43 of 3rd period - Slapshot by Fedor Tyutin.
8:43 of 3rd period - Shot Blocked by Andrew Alberts.
8:51 of 3rd period - Snap shot by Vladimir Tarasenko.
8:51 of 3rd period - Stopped by Henrik Lundqvist with a rebound.
9:01 of 3rd period - R.J. Umberger is hit by Raphael Diaz and loses puck.
9:21 of 3rd period - Major Penalty to Greg Stewart for Boarding.
9:22 of 3rd period - David Legwand wins face-off versus Tomas Plekanec in Canadiens zone.
9:24 of 3rd period - Snap shot by David Legwand.
9:24 of 3rd period - Shot Blocked by Tomas Plekanec.
9:26 of 3rd period - Snap shot by David Legwand.
9:26 of 3rd period - Goal by David Legwand - Nordiques : 3 - Canadiens : 2.
9:27 of 3rd period - Tomas Plekanec wins face-off versus David Legwand in neutral zone.
9:40 of 3rd period - Snap shot by Vladimir Tarasenko.
9:40 of 3rd period - Stopped by Henrik Lundqvist without a rebound.
9:41 of 3rd period - Tomas Plekanec wins face-off versus David Legwand in Canadiens zone.
9:54 of 3rd period - Backhand shot by Ryan Ellis.
9:54 of 3rd period - Deflect By David Legwand.
9:54 of 3rd period - Shot Misses the Net.
9:54 of 3rd period - Puck is out of play.
9:55 of 3rd period - Tomas Plekanec wins face-off versus Vladimir Tarasenko in Canadiens zone.
10:00 of 3rd period - Ryan Ellis is hit by Steve Downie and loses puck.
10:07 of 3rd period - Snap shot by Fedor Tyutin.
10:07 of 3rd period - Stopped by Henrik Lundqvist without a rebound.
10:08 of 3rd period - David Legwand wins face-off versus Steve Downie in Canadiens zone.
11:45 of 3rd period - Mark Stuart is hit by Vladimir Tarasenko and loses puck.
12:12 of 3rd period - Tomas Plekanec is hit by Fedor Tyutin and loses puck.
12:21 of 3rd period - Backhand shot by Kyle Calder.
12:21 of 3rd period - Stopped by Henrik Lundqvist without a rebound.
12:22 of 3rd period - Dustin Boyd wins face-off versus David Legwand in Canadiens zone.
13:53 of 3rd period - Snap shot by Frans Nielsen.
13:53 of 3rd period - Shot Blocked by Jay Bouwmeester.
14:21 of 3rd period - Penalty to Greg Stewart is over, Greg Stewart is back on ice.
14:21 of 3rd period - Raphael Diaz is hit by Fedor Tyutin and loses puck.
14:22 of 3rd period - Raphael Diaz from Canadiens is injured at 14:22 of 3rd period (Sprained Right Ankle).
14:23 of 3rd period - David Legwand wins face-off versus Frans Nielsen in Canadiens zone.
14:34 of 3rd period - Snap shot by Vladimir Tarasenko.
14:34 of 3rd period - Deflect By David Legwand.
14:34 of 3rd period - Shot Blocked by Andrew Alberts.
14:34 of 3rd period - Puck is out of play.
14:35 of 3rd period - Frans Nielsen wins face-off versus David Legwand in Canadiens zone.
14:35 of 3rd period - Frans Nielsen is hit by Fedor Tyutin.
15:47 of 3rd period - R.J. Umberger is hit by David Jones and loses puck.
16:14 of 3rd period - Wrist shot by Frans Nielsen.
16:14 of 3rd period - Shot Misses the Net.
16:16 of 3rd period - Slapshot by Colton Parayko.
16:16 of 3rd period - Shot Misses the Net.
16:26 of 3rd period - Trevor Daley is hit by Dustin Boyd and loses puck.
16:44 of 3rd period - Slapshot by Greg Stewart.
16:44 of 3rd period - Shot Blocked by Dustin Byfuglien.
16:52 of 3rd period - Evgeny Dadonov is hit by Ryan Callahan and loses puck.
17:03 of 3rd period - Slapshot by Andrew Alberts.
17:03 of 3rd period - Stopped by Jonathan Quick with a rebound.
17:42 of 3rd period - Wrist shot by Kyle Calder.
17:42 of 3rd period - Shot Misses the Net.
18:06 of 3rd period - Wrist shot by Steve Downie.
18:06 of 3rd period - Shot Misses the Net.
18:11 of 3rd period - Minor Penalty to Chris Drury for Hooking.
18:12 of 3rd period - Pierre-Marc Bouchard wins face-off versus Vladimir Tarasenko in Nordiques zone.
18:12 of 3rd period - Snap shot by Greg Stewart.
18:12 of 3rd period - Shot Blocked by Ryan Ellis.
18:14 of 3rd period - Wrist shot by Greg Stewart.
18:14 of 3rd period - Goal by Greg Stewart - Nordiques : 3 - Canadiens : 3.
18:15 of 3rd period - Brett Maclean wins face-off versus Mike Fisher in neutral zone.
18:26 of 3rd period - Minor Penalty to Colton Parayko for Holding.
18:27 of 3rd period - Tomas Plekanec wins face-off versus David Legwand in Canadiens zone.
18:40 of 3rd period - Wrist shot by Vladimir Tarasenko.
18:40 of 3rd period - Deflect By David Legwand.
18:40 of 3rd period - Shot Misses the Net.
18:40 of 3rd period - Puck is out of play.
18:41 of 3rd period - David Legwand wins face-off versus Tomas Plekanec in Canadiens zone.
18:46 of 3rd period - Wrist shot by Vladimir Tarasenko.
18:46 of 3rd period - Shot Misses the Net.
18:56 of 3rd period - Snap shot by Ryan Ellis.
18:56 of 3rd period - Shot Misses the Net.
Goals for this period are 3 for Nordiques vs 2 for Canadiens.
Shots for this period are 14 for Nordiques vs 9 for Canadiens.
Overtime #1
0:01 of 1st overtime period - David Legwand wins face-off versus Tomas Plekanec in neutral zone.
0:03 of 1st overtime period - Off-side.
0:04 of 1st overtime period - Tomas Plekanec wins face-off versus David Legwand in neutral zone.
0:08 of 1st overtime period - Off-side.
0:09 of 1st overtime period - Tomas Plekanec wins face-off versus David Legwand in neutral zone.
0:26 of 1st overtime period - Penalty to Colton Parayko is over, Colton Parayko is back on ice.
0:26 of 1st overtime period - Wrist shot by Vladimir Tarasenko.
0:26 of 1st overtime period - Stopped by Henrik Lundqvist with a rebound.
0:28 of 1st overtime period - Slapshot by Fedor Tyutin.
0:28 of 1st overtime period - Deflect By David Legwand.
0:28 of 1st overtime period - Stopped by Henrik Lundqvist without a rebound.
0:29 of 1st overtime period - Pierre-Marc Bouchard wins face-off versus Chris Drury in Canadiens zone.
0:29 of 1st overtime period - Pierre-Marc Bouchard is hit by Fedor Tyutin.
0:38 of 1st overtime period - Minor Penalty to Jean-Pierre Dumont for Tripping.
0:39 of 1st overtime period - Vladimir Tarasenko wins face-off versus Frans Nielsen in Nordiques zone.
2:35 of 1st overtime period - Trevor Daley is hit by Andrew Alberts and loses puck.
2:38 of 1st overtime period - Penalty to Jean-Pierre Dumont is over, Jean-Pierre Dumont is back on ice.
2:58 of 1st overtime period - Snap shot by Simon Gagné.
2:58 of 1st overtime period - Stopped by Henrik Lundqvist without a rebound.
2:59 of 1st overtime period - Mike Fisher wins face-off versus Dustin Boyd in Canadiens zone.
3:08 of 1st overtime period - Snap shot by Ryan Callahan.
3:08 of 1st overtime period - Shot Misses the Net.
3:10 of 1st overtime period - Slapshot by Dustin Byfuglien.
3:10 of 1st overtime period - Stopped by Henrik Lundqvist without a rebound.
3:11 of 1st overtime period - David Legwand wins face-off versus Frans Nielsen in Canadiens zone.
3:17 of 1st overtime period - Minor Penalty to Frans Nielsen for Hooking.
3:18 of 1st overtime period - David Legwand wins face-off versus Tomas Plekanec in Canadiens zone.
5:17 of 1st overtime period - Penalty to Frans Nielsen is over, Frans Nielsen is back on ice.
5:22 of 1st overtime period - Wrist shot by Matt Moulson.
5:22 of 1st overtime period - Shot Misses the Net.
5:30 of 1st overtime period - Slapshot by Frans Nielsen.
5:30 of 1st overtime period - Shot Blocked by Matt Moulson.
5:38 of 1st overtime period - Slapshot by Greg Stewart.
5:38 of 1st overtime period - Shot Blocked by Mike Fisher.
5:40 of 1st overtime period - Backhand shot by Frans Nielsen.
5:40 of 1st overtime period - Deflect By Greg Stewart.
5:40 of 1st overtime period - Shot Blocked by Mike Fisher.
5:40 of 1st overtime period - Puck is out of play.
5:41 of 1st overtime period - Frans Nielsen wins face-off versus Paul Gaustad in Nordiques zone.
5:42 of 1st overtime period - Snap shot by Steve Downie.
5:42 of 1st overtime period - Stopped by Jonathan Quick with a rebound.
5:54 of 1st overtime period - Slapshot by Mark Eaton.
5:54 of 1st overtime period - Shot Blocked by Mark Stuart.
5:56 of 1st overtime period - Slapshot by Dustin Byfuglien.
5:56 of 1st overtime period - Shot Misses the Net.
6:06 of 1st overtime period - Dustin Byfuglien is hit by Mark Stuart and loses puck.
6:15 of 1st overtime period - Wrist shot by Dustin Boyd.
6:15 of 1st overtime period - Stopped by Jonathan Quick without a rebound.
6:16 of 1st overtime period - David Legwand wins face-off versus Tomas Plekanec in Nordiques zone.
6:18 of 1st overtime period - Minor Penalty to David Legwand for Slashing.
6:19 of 1st overtime period - Vladimir Tarasenko wins face-off versus Frans Nielsen in Nordiques zone.
6:19 of 1st overtime period - Vladimir Tarasenko is hit by Andrew Alberts.
8:03 of 1st overtime period - Ryan Ellis is hit by Pierre-Marc Bouchard.
8:10 of 1st overtime period - Icing by Pierre-Marc Bouchard.
8:11 of 1st overtime period - Vladimir Tarasenko wins face-off versus Greg Stewart in Canadiens zone.
8:18 of 1st overtime period - Penalty to David Legwand is over, David Legwand is back on ice.
8:24 of 1st overtime period - Snap shot by Tomas Plekanec.
8:24 of 1st overtime period - Shot Blocked by Trevor Daley.
8:26 of 1st overtime period - Wrist shot by David Jones.
8:26 of 1st overtime period - Stopped by Jonathan Quick without a rebound.
8:27 of 1st overtime period - Tomas Plekanec wins face-off versus Chris Drury in Nordiques zone.
8:30 of 1st overtime period - Wrist shot by Tomas Plekanec.
8:30 of 1st overtime period - Stopped by Jonathan Quick without a rebound.
8:31 of 1st overtime period - Tomas Plekanec wins face-off versus Chris Drury in Nordiques zone.
8:50 of 1st overtime period - Wrist shot by Viktor Stalberg.
8:50 of 1st overtime period - Shot Blocked by David Legwand.
8:58 of 1st overtime period - Icing by Simon Gagné.
8:59 of 1st overtime period - Frans Nielsen wins face-off versus David Legwand in Nordiques zone.
9:00 of 1st overtime period - Snap shot by Scott Hartnell.
9:00 of 1st overtime period - Stopped by Jonathan Quick without a rebound.
9:01 of 1st overtime period - Frans Nielsen wins face-off versus David Legwand in Nordiques zone.
9:02 of 1st overtime period - Snap shot by Steve Downie.
9:02 of 1st overtime period - Shot Misses the Net.
9:16 of 1st overtime period - Snap shot by Scott Hartnell.
9:16 of 1st overtime period - Stopped by Jonathan Quick with a rebound.
9:46 of 1st overtime period - Enver Lisin is hit by Mike Fisher.
9:49 of 1st overtime period - Off-side.
9:50 of 1st overtime period - Dustin Boyd wins face-off versus Mike Fisher in neutral zone.
9:52 of 1st overtime period - Off-side.
9:53 of 1st overtime period - Mike Fisher wins face-off versus Frans Nielsen in neutral zone.
10:31 of 1st overtime period - Minor Penalty to Andrew Alberts for Hooking.
10:32 of 1st overtime period - Tomas Plekanec wins face-off versus David Legwand in Canadiens zone.
10:59 of 1st overtime period - Colton Parayko is hit by Ryan Ellis and loses puck.
11:06 of 1st overtime period - Wrist shot by Chris Drury.
11:06 of 1st overtime period - Shot Blocked by David Jones.
11:08 of 1st overtime period - Wrist shot by Chris Drury.
11:08 of 1st overtime period - Stopped by Henrik Lundqvist without a rebound.
11:09 of 1st overtime period - David Legwand wins face-off versus Tomas Plekanec in Canadiens zone.
11:10 of 1st overtime period - Wrist shot by Vladimir Tarasenko.
11:10 of 1st overtime period - Stopped by Henrik Lundqvist without a rebound.
11:11 of 1st overtime period - Tomas Plekanec wins face-off versus David Legwand in Canadiens zone.
11:22 of 1st overtime period - Wrist shot by David Legwand.
11:22 of 1st overtime period - Stopped by Henrik Lundqvist with a rebound.
11:24 of 1st overtime period - Snap shot by David Legwand.
11:24 of 1st overtime period - Shot Blocked by Mark Stuart.
12:04 of 1st overtime period - Vitaly Vishnevsky is hit by David Legwand and loses puck.
12:31 of 1st overtime period - Penalty to Andrew Alberts is over, Andrew Alberts is back on ice.
12:53 of 1st overtime period - Slapshot by Mark Stuart.
12:53 of 1st overtime period - Deflect By Pierre-Marc Bouchard.
12:53 of 1st overtime period - Shot Blocked by Ryan Callahan.
12:53 of 1st overtime period - Puck is out of play.
12:54 of 1st overtime period - Pierre-Marc Bouchard wins face-off versus Mike Fisher in Nordiques zone.
13:12 of 1st overtime period - Minor Penalty to Mike Fisher for Hooking.
13:13 of 1st overtime period - Vladimir Tarasenko wins face-off versus Frans Nielsen in Nordiques zone.
13:48 of 1st overtime period - Snap shot by Simon Gagné.
13:48 of 1st overtime period - Shot Misses the Net.
15:12 of 1st overtime period - Penalty to Mike Fisher is over, Mike Fisher is back on ice.
15:18 of 1st overtime period - Snap shot by Brett Maclean.
15:18 of 1st overtime period - Stopped by Jonathan Quick with a rebound.
15:20 of 1st overtime period - Snap shot by Brett Maclean.
15:20 of 1st overtime period - Stopped by Jonathan Quick with a rebound.
15:37 of 1st overtime period - Icing by Mark Eaton.
15:38 of 1st overtime period - Chris Drury wins face-off versus Tomas Plekanec in Nordiques zone.
15:45 of 1st overtime period - Snap shot by Dustin Byfuglien.
15:45 of 1st overtime period - Goal by Dustin Byfuglien - Nordiques : 4 - Canadiens : 3.
Goals for this period are 1 for Nordiques vs 0 for Canadiens.
Shots for this period are 8 for Nordiques vs 8 for Canadiens.
Back to the Top